 Dungeon Crawl Stone Soup version 0.29.1-1-gd02db6906a (webtiles) character file.

Game seed: 6271805553437775316

85 RascalDebosk the Charlatan (level 4, -4/34 HPs)
             Began as a Djinni Artificer on Oct 22, 2022.
             Slain by a gnoll
             ... wielding a +0 flail
              (10 damage)
             ... on level 3 of the Dungeon.
             The game lasted 00:12:22 (1969 turns).

RascalDebosk the Charlatan (Djinni Artificer)       Turns: 1969, Time: 00:12:22

Health: -4/34      AC:  3    Str: 11    XL:     4   Next: 75%
Gold:   15         EV: 12    Int: 14    God:
                   SH:  0    Dex: 20

rFire   + + .      SeeInvis .   s - +2 dagger (speed)
rCold   x . .      Faith    .   (no shield)
rNeg    . . .      Spirit   .   n - +0 leather armour {Will+}
rPois   ∞          Reflect  .   (no helmet)
rElec   .          Harm     .   (no cloak)
rCorr   .          Rampage  .   (no gloves)
Will    +....                   (boots unavailable)
Stlth   ++........              (no amulet)
HPRegen 0.11/turn               p - +6 ring of dexterity
MPRegen 0.00/turn               (no ring)

@: flying
A: sickness immunity, fire resistance 2, cold vulnerability 1, float, innate
caster, HP casting, extra vitality 1
a: no special abilities


You were on level 3 of the Dungeon.
You visited 1 branch of the dungeon, and saw 3 of its levels.

You collected 110 gold pieces.
You spent 95 gold pieces at shops.

Inventory:

Hand Weapons
 a - a +0 club
 s - a +2 dagger of speed (weapon)
Armour
 b - a +0 leather armour
 n - a +0 leather armour of willpower (worn)
Jewellery
 p - a +6 ring of dexterity (left hand)
Wands
 d - a wand of charming (15)
 e - a wand of iceblast (5)
Scrolls
 f - a scroll of magic mapping {unknown}
 g - a scroll of enchant weapon {unknown}
 h - 3 scrolls of identify {unknown}
 i - a scroll of enchant armour {unknown}
 j - a scroll of summoning {unknown}
 k - a scroll of acquirement {unknown}
 l - a scroll of amnesia {unknown}
 m - a scroll of vulnerability {unknown}
Potions
 c - a potion of attraction {unknown}
 o - a potion of might {unknown}


   Skills:
 + Level 2.4 Fighting
 - Level 1.0 Armour
 - Level 2.1 Dodging
 - Level 0.7 Stealth
 * Level 2.3 Spellcasting
 - Level 3.0 Evocations


You had 6 spell levels left.
You knew the following spells:

 Your Spells              Type           Power      Damage    Failure   Level
a - Apportation           Tloc           16%        N/A       12%         1
Your spell library was empty.

Dungeon Overview and Level Annotations

Branches:
Dungeon (3/15)

Altars:
Dithmenos

Shops:
D:2 [


Innate Abilities, Weirdness & Mutations

You are immune to sickness and miasma.
You are immune to poison.
Your flesh is very heat resistant. (rF++)
You are vulnerable to cold. (rC-)
You float through the air rather than walking.
You learn spells naturally, not from books.
Your magical power is your life essence.
You have superior vitality. (+4 MHP)


Message History

p - a +6 ring of dexterity (left hand)
Found a dagger.
You see here a +0 dagger.
An endoplasm comes into view.
The endoplasm quivers.
You hit the endoplasm but do no damage. You hit the endoplasm.
The endoplasm is heavily wounded.
The endoplasm freezes you.
You are frozen!
You feel a terrible chill!
You hit the endoplasm.
You kill the endoplasm!
HP restored.
Found a shadowy altar of Dithmenos.
Found a sling.
Found a stone staircase leading down.
A giant cockroach comes into view.
There is a shaft here.
The giant cockroach bites you but does no damage.
The giant cockroach bites you.
You barely miss the giant cockroach. You hit the giant cockroach.
The giant cockroach is almost dead.
The giant cockroach barely misses you.
You hit the giant cockroach.
You kill the giant cockroach!
You see here a giant cockroach corpse.
A gnoll comes into view. It is wielding a +0 club.
The gnoll shouts!
A quokka comes into view.
You hit the gnoll.
The gnoll is moderately wounded.
You hit the gnoll.
The gnoll is heavily wounded.
The gnoll closely misses you.
You hit the gnoll but do no damage.
The gnoll is heavily wounded.
You hit the gnoll.
The gnoll is severely wounded.
The gnoll hits you with a +0 club.
A gnoll comes into view. It is wielding a +0 flail.
You barely miss the gnoll.
The gnoll is severely wounded.
The gnoll hits you with a +0 club.
You hit the gnoll.
The gnoll is almost dead.
The quokka misses you.
You hit the gnoll.
You kill the gnoll!
A gnoll comes into view. It is wielding a +2 spear of freezing.
The quokka barely misses you.
The gnoll shouts!
You hit the quokka.
The quokka is severely wounded.
The quokka barely misses you.
You hit the quokka.
You kill the quokka!
The gnoll barely misses you.
You see here a +0 club.
You hit the gnoll but do no damage. The gnoll closely misses you.
The gnoll completely misses you. The gnoll hits you with a +0 flail!
* * * LOW HITPOINT WARNING * * *
You hit the gnoll.
The gnoll is moderately wounded.
The gnoll misses you. The gnoll closely misses you.
You hit the gnoll but do no damage.
The gnoll is moderately wounded.
You barely miss the gnoll.
The gnoll is moderately wounded.
The gnoll closely misses you.
The gnoll hits you with a +2 spear of freezing.
* * * LOW HITPOINT WARNING * * *
The gnoll freezes you.
* * * LOW HITPOINT WARNING * * *
You hit the gnoll.
The gnoll is heavily wounded.
The gnoll barely misses you. The gnoll misses you.
You hit the gnoll.
The gnoll is severely wounded.
You closely miss the gnoll.
The gnoll is severely wounded.
The gnoll barely misses you.
The gnoll hits you with a +2 spear of freezing.
* * * LOW HITPOINT WARNING * * *
The gnoll freezes you.
* * * LOW HITPOINT WARNING * * *
You hit the gnoll.
The gnoll is severely wounded.
The gnoll misses you. x2
You hit the gnoll.
The gnoll is almost dead.
You hit the gnoll.
You kill the gnoll!
The gnoll closely misses you.
You closely miss the gnoll. The gnoll barely misses you.
You hit the gnoll but do no damage. You hit the gnoll.
The gnoll is moderately wounded.
The gnoll hits you with a +0 flail!
You die...

#.######.........
#................
#######..####.###
#..# .# #..# #
#..####.##
#.........
#g)###..## #.@# #
#.)# #..# #...
#.## .. ##


You could see a gnoll.

Vanquished Creatures
  2 gnolls (D:3)
  3 adders (D:2)
  5 bats
  6 endoplasms
  A giant cockroach (D:3)
  5 hobgoblins
  2 quokkas
  2 ball pythons (D:1)
  3 frilled lizards
  2 goblins (D:1)
  4 kobolds
  3 rats (D:1)
38 creatures vanquished.

Notes
Turn   | Place    | Note
-------+----------+-------------------------------------------
     0 | D:1      | RascalDebosk the Djinni Artificer began the quest for the
                  | Orb.
     0 | D:1      | Reached XP level 1. HP: 17/17 MP: 0/0
   128 | D:1      | Reached XP level 2. HP: 22/22 MP: 0/0
   162 | D:1      | Reached skill level 1 in Spellcasting
   508 | D:1      | Reached XP level 3. HP: 28/28 MP: 0/0
   508 | D:1      | Learned a level 1 spell: Apportation
  1003 | D:2      | Found Daxzenoc's Antique Armour Boutique.
  1086 | D:2      | Reached XP level 4. HP: 12/33 MP: 0/0
  1402 | D:2      | Found a faded altar of an unknown god.
  1712 | D:2      | Bought a dyed leather armour for 95 gold pieces
  1873 | D:3      | Found a shadowy altar of Dithmenos.
  1969 | D:3      | Slain by a gnoll

Illustrated notes

Levels and vault maps discovered:
D:1:      heliophobic_arrival_glass_houses, layout_basic
D:2:      layout_basic, serial_shops, nicolae_shop_crystal,
          shapermc_ecumenical_altar_mp_vishouse
D:3:      minmay_chambers_of_threes, layout_loops_ring, general_overflow_altar,
          grunt_dithmenos_smoke, serial_co_window_serial,
          co_window_of_opportunity_a, co_window_corner_a, co_window_corner_a,
          co_window_of_opportunity_a, co_window_of_opportunity_a,
          co_window_paths_c, co_window_broadway_b, co_window_broadway_a,
          minmay_goblin_outpost

Skill      XL: |  1  2  3  4 |
---------------+-------------+-----
Spellcasting   | 1 2 |  2.3
Fighting       | 2 |  2.4
Armour         | |  1.0
Dodging        | |  2.1
Stealth        | |  0.7
Evocations     | |  3.0

Action                   |  1- 3 |  4- 6 || total
-------------------------+-------+-------++-------
Melee: Club              |    14 |       ||    14
       Dagger            |    67 |    45 ||   112
       Punch             |     1 |       ||     1
 Cast: Apportation       |       |     1 ||     1
Evoke: Wand              |    15 |       ||    15
 Stab: Sleeping          |     1 |       ||     1
Armor: Leather armour    |    20 |    12 ||    32
Dodge: Dodged            |    55 |    27 ||    82
